Unix NetHack Version 3.7.0-102 Work-in-progress - last build Apr 6 2024 13:22:21 (d302a6a9ff6341f1a922d8f5af178406b35fdf99,branch:master). Game began 2024-05-01 09:24:48, ended 2024-05-01 09:26:35. MalkMcJorma, chaotic male elven Ranger ---------- |......... --------- #############0------------ |.....`..| ####..>.....| -.------- # #...........| |.........#####|........####|........#### |..........| |........| #|.......|####.....<..|####+ |..........| -------.-- |.......-# #|.......|# #...........| #### --|------ |.......-# #|..........| # ##### -.......| #|..........| ### ### --------- #-----.------ ### ### # ## ######## # ## ## -.-----------.-- # ##### |..............| rr@ # # |..............| ---------d--# --.---------- |..............| |...........# |...........| |.(............| |..........| |...........| ---------------- |..........| |...........| |..........| ------------- ------------ MalkMcJorma the Tenderfoot St:16 Dx:9 Co:14 In:13 Wi:14 Ch:9 Chaotic Dlvl:1 $:2 HP:0(14) Pw:3(3) AC:7 Xp:1/10 T:214 Burdened Latest messages: The jackal bites! You miss the jackal. The jackal bites! You kill the jackal! # What do you want to name? [a-f or ?*] You see here a cream pie. g - a cream pie. You see here a fizzy potion. h - a fizzy potion. You see here 2 gold pieces. $ - 2 gold pieces. You find a bear trap. # In what direction? You disarm the bear trap. The door resists! The door resists! The door opens. This door is locked. With great effort you move the boulder. You try to move the boulder, but in vain. The fox bites! You kill the fox! You see here a chest. Hmmm, the chest turns out to be locked. You have a little trouble lifting a locked chest. Continue? [ynq] (q) You have a little trouble lifting i - a locked chest. Your movements are slowed slightly because of your load. The fox misses! You kill the fox! You see here a fox corpse. There is a fox corpse here; eat it? [ynq] (n) This fox corpse is fatty. You finish eating the fox corpse. You swap places with Warfrost. The door opens. The sewer rat misses! The sewer rat bites! The sewer rat bites! You miss the sewer rat. The sewer rat misses! You miss the sewer rat. The sewer rat bites! The sewer rat bites! You miss the sewer rat. The sewer rat bites! You hit the sewer rat. The sewer rat bites! You die... Inventory: Coins ('$') $ - 2 gold pieces Weapons (')') c - 51 blessed +2 elven arrows (in quiver) d - 37 uncursed +0 elven arrows b - an uncursed +1 elven bow (alternate weapon; not wielded) a - the uncursed +1 Sting (weapon in right hand) Armor ('[') e - an uncursed +2 elven cloak (being worn) Comestibles ('%') g - an uncursed cream pie f - 6 uncursed lembas wafers Potions ('!') h - a blessed potion of paralysis Tools ('(') i - an uncursed locked chest containing 3 items Contents of the chest: an uncursed spellbook of light an uncursed potion of healing a cursed potion of healing MalkMcJorma the Ranger's attributes: Background: You were a Tenderfoot, a level 1 male elven Ranger. You were chaotic, on a mission for Mars who was opposed by Mercury (lawful) and Venus (neutral). You were right-handed. You were in the Dungeons of Doom, on level 1. You entered the dungeon 214 turns ago. You had 10 experience points, 10 more were needed to attain level 2. Basics: You had 0 out of 14 hit points. You had all 3 energy points (spell power). Your armor class was 7. Your wallet contained 2 zorkmids. Autopickup was off. Final Characteristics: Your strength was 16 (limit:18). Your dexterity was 9 (limit:18). Your constitution was 14 (limit:16). Your intelligence was 13 (limit:20). Your wisdom was 14 (limit:20). Your charisma was 9 (limit:18). Final Status: You weren't hungry. You were burdened; movement was slightly slowed. You were wielding a dagger. You had basic skill with dagger. Final Attributes: You were fervently aligned. You were aware of the presence of orcs. You had automatic searching. You had infravision. You were stealthy. You were warded. You are dead. Miscellaneous: You disabled loading of bones levels. Total elapsed playing time was 1 minute and 47 seconds. Major events: Turn 1: MalkMcJorma the chaotic male elven Ranger entered the dungeon 19: became literate by naming Sting 214: killed by a sewer rat Vanquished creatures: a jackal 2 foxes a newt 4 creatures vanquished. No species were genocided or became extinct. Voluntary challenges: You were an atheist. You read items or engraved 1 time. You never engraved Elbereth. You never genocided any monsters. You never polymorphed an object. You never changed form. You used no wishes. The Dungeons of Doom: Level 1: <- You were here. Final resting place for you, killed by a sewer rat. Game over: ---------- / \ / REST \ / IN \ / PEACE \ / \ | MalkMcJorma | | 2 Au | | killed by a | | sewer rat | | | | | | 2024 | *| * * * | * _________)/\\_//(\/(/\)/\//\/|_)_______ Goodbye MalkMcJorma the Ranger... You died in The Dungeons of Doom on dungeon level 1 with 42 points, and 2 pieces of gold, after 214 moves. You were level 1 with a maximum of 14 hit points when you died.